 Dungeon Crawl Stone Soup version 0.32-a0-30-gefbe487952 (webtiles) character file.

Game seed: 6548009757535351146

1362854 Ge0ff the Placeless Merfolk (level 27, 204/204 HPs)
             Began as a Merfolk Reaver on Jan 18, 2024.
             Was a High Priest of Nemelex Xobeh.
             Escaped with the Orb
             ... and 3 runes on Jan 19, 2024!
             The game lasted 04:34:07 (119460 turns).

Ge0ff the Placeless Merfolk (Merfolk Reaver)      Turns: 119460, Time: 04:34:07

Health: 204/204    AC: 20    Str: 19    XL:     27
Magic:  38/41      EV: 21    Int: 25    God:    Nemelex Xobeh [*****.]
Gold:   302        SH:  9    Dex: 18    Spells: 3/55 levels left

rFire   + . .        a - staff of the Forest {^Fragile rN+ Conj Necro Fire Air}
rCold   . . .        c - +3 buckler {AC+3}
rNeg    + + +        L - +2 robe {rN+}
rPois   .            Q - +2 helmet {Int+3}
rElec   +            f - +2 cloak of Vuan {rElec Will+ Dex+3}
rCorr   .            w - +0 pair of gloves of Privacy {rN+ Dex+2 Stlth+}
SInv    .            m - +4 pair of boots "Buonobamutz" {*Corrode +Blink Regen+}
Will    +++..        i - amulet of Rixip {Acrobat ^Drain rF+ Regen+ Int+2}
Stlth   ++           G - ring "Kausucui" {Wiz +Blink rElec}
HPRegen 2.14/turn    Z - ring "Jiniang" {rElec EV+5 Str+3, =R}
MPRegen 0.27/turn

%: corrode self (3%), acrobat, wizardry (x1)
@: studying 5 skills
A: (nimble swimmer 2), mertail, claws 1, dopey 1, MP-powered wands, sturdy frame
1
0: Orb of Zot
}: 3/15 runes: serpentine, barnacled, silver
a: Renounce Religion, Evoke Blink, Draw Escape, Draw Destruction, Draw
Summoning, Draw Stack, Triple Draw, Deal Four, Stack Five


You escaped.
You worshipped Nemelex Xobeh.
Nemelex Xobeh was extremely pleased with you.
You visited 12 branches of the dungeon, and saw 52 of its levels.
You visited 2 bazaars.
You also visited: Trove, Sewer, Bailey, Gauntlet, Ice Cave, Volcano and Wizlab.

You collected 9661 gold pieces.
You spent 9359 gold pieces at shops.

Inventory:

Hand Weapons
 b - a +9 demon trident of electrocution
Missiles
 v - 9 curare-tipped darts {=F}
 x - 16 silver javelins
 Y - 7 javelins
Armour
 c - a +3 buckler of protection (worn)
 f - the +2 cloak of Vuan (worn) {rElec Will+ Dex+3}
   (You acquired it on level 2 of the Vaults)

   Dex+3:     It affects your dexterity (+3).
   rElec:     It insulates you from electricity.
   Will+:     It increases your willpower.
 g - a +4 kite shield of reflection
 m - the +4 pair of boots "Buonobamutz" (worn) {*Corrode +Blink Regen+}
   (You found it on level 5 of the Realm of Zot)

   +Blink:    It lets you blink.
   Regen+:    It increases your rate of health regeneration.
   *Corrode:  It may corrode you when you take damage.
 w - the +0 pair of gloves of Privacy (worn) {rN+ Dex+2 Stlth+}
   (You bought it in a shop in a bazaar)

   Dex+2:     It affects your dexterity (+2).
   rN+:       It protects you from negative energy.
   Stlth+:    It makes you more stealthy.
 A - the crystal ball of Wucad Mu {*channel}
   (You found it in a wizard's laboratory)

   *Channel:  It often returns the magic spent to cast spells, but lowers their
   success rate.
   It always returns the magic spent on miscasts.
 L - a +2 robe of positive energy (worn)
 Q - a +2 helmet of intelligence (worn)
Magical Staves
 a - the staff of the Forest (weapon) {^Fragile rN+ Conj Necro Fire Air}
   (You found it on level 5 of the Dungeon)

   [staff of death]

   Base accuracy: +5 Base damage: 5 Base attack delay: 1.2 This weapon's minimum
   attack delay (0.6) is reached at skill level 12.
   rN+:       It protects you from negative energy.
   ^Fragile:  It will be destroyed if unequipped.
   Conj:      It increases the power of your Conjurations spells.
   Necro:     It increases the power of your Necromancy spells.
   Fire:      It increases the power of your Fire spells.
   Air:       It increases the power of your Air spells.
   It falls into the 'Staves' category.
   It is a one-handed weapon.
Jewellery
 e - a ring of willpower
 h - the ring of Shadows {Umbra +Inv Stlth+}
   (You found it on level 3 of the Dungeon)

   [ring of stealth]

   Umbra:     It surrounds you with an aura of shadow, increasing your stealth
   and reducing the accuracy of all others within it.
   +Inv:      It lets you turn invisible.
   Stlth+:    It makes you more stealthy.
 i - the amulet of Rixip (around neck) {Acrobat ^Drain rF+ Regen+ Int+2}
   (You took it off a deep elf demonologist on level 3 of the Elven Halls)

   [amulet of the acrobat]

   Acrobat:   It increases your evasion while moving and waiting.
   Int+2:     It affects your intelligence (+2).
   rF+:       It protects you from fire.
   Regen+:    It increases your rate of health regeneration.
   ^Drain:    It drains your maximum health when unequipped.
 D - the ring of Ystanuxo {+Blink rC+}
   (You found it on level 4 of the Shoals)

   [ring of protection from cold]

   rC+:       It protects you from cold.
   +Blink:    It lets you blink.
 G - the ring "Kausucui" (left hand) {Wiz +Blink rElec}
   (You found it on level 5 of the Realm of Zot)

   [ring of wizardry]

   Wiz:       It improves your spell success rate.
   rElec:     It insulates you from electricity.
   +Blink:    It lets you blink.
 S - the ring of Greater Demons {Str+6 Dex+7 SInv}
   (You found it on level 3 of the Elven Halls)

   [ring of strength]

   Str+6:     It affects your strength (+6).
   Dex+7:     It affects your dexterity (+7).
   SInv:      It lets you see invisible.
 Z - the ring "Jiniang" (right hand) {rElec EV+5 Str+3, =R}
   (You found it in a Gauntlet)

   [ring of evasion]

   EV+5:      It affects your evasion (+5).
   Str+3:     It affects your strength (+3).
   rElec:     It insulates you from electricity.
Wands
 d - a wand of digging (18)
 j - a wand of quicksilver (39)
 k - a wand of iceblast (76)
 p - a wand of paralysis (69)
 s - a wand of mindburst (95)
 P - a wand of polymorph (40)
Scrolls
 y - 8 scrolls of immolation
 B - 3 scrolls of blinking
 C - 4 scrolls of poison
 E - 10 scrolls of fear
 F - 10 scrolls of fog
 J - 2 scrolls of silence {!r}
 T - 17 scrolls of teleportation
 V - 7 scrolls of vulnerability
Potions
 o - 3 potions of ambrosia
 q - 26 potions of curing
 u - 2 potions of mutation {!q}
 z - 3 potions of brilliance
 H - 6 potions of haste {!q}
 I - 4 potions of invisibility
 K - 8 potions of magic {!q}
 M - 13 potions of might
 N - 4 potions of cancellation {!q}
 R - 3 potions of resistance
 W - 17 potions of heal wounds {!q}
 X - 4 potions of enlightenment
Miscellaneous
 l - a lightning rod (4/4)
 n - a phial of floods
 t - a tin of tremorstones (2/2)
 O - a box of beasts
 U - a phantom mirror


   Skills:
 + Level 14.0 Fighting
 - Level 13.0(14.8) Polearms
 + Level 7.6(9.3) Staves
 + Level 5.4 Armour
 + Level 7.9 Dodging
 + Level 3.8 Stealth
 + Level 7.5 Shields
 - Level 14.9 Spellcasting
 + Level 14.8 Conjurations
 - Level 7.0 Hexes
 - Level 6.3 Summonings
 + Level 8.7 Necromancy
 - Level 14.9 Translocations
 + Level 14.6 Fire Magic
 - Level 14.9 Ice Magic
 - Level 14.9 Air Magic
 - Level 10.0 Earth Magic
 + Level 10.6 Alchemy
 - Level 14.9 Invocations
 + Level 10.0 Evocations


You had 3 spell levels left.
You knew the following spells:

 Your Spells              Type           Power      Damage    Failure   Level
a - Sublimation of Blood  Necr           76%        N/A       1%          2
d - Iskenderun's Mystic   Conj/Tloc      96%        2d19      1%          4
g - Apportation           Tloc           100%       N/A       0%          1
h - Lee's Rapid Deconstr  Erth           31%        3d16*     1%          5
j - Orb of Destruction    Conj           47%        9d12      2%          7
m - Plasma Beam           Fire/Air       59%        2x1d74    1%          6
n - Dispel Undead         Necr           76%        3d25      1%          4
s - Ozocubu's Refrigerat  Ice            37%        4d15      2%          7
w - Passwall              Erth           62%        N/A       1%          3
x - Maxwell's Capacitive  Air            48%        ∞         21%         8
E - Irradiate             Conj/Alch      44%        3d26      1%          5

Your spell library contained the following spells:

 Spells                   Type           Power      Damage    Failure   Level
 Freeze                   Ice            100%       1d10      0%          1
 Magic Dart               Conj           100%       1d8       0%          1
 Shock                    Conj/Air       100%       1d9       0%          1
 Blink                    Tloc           100%       N/A       0%          2
 Lesser Beckoning         Tloc           100%       N/A       0%          2
 Momentum Strike          Conj/Tloc      100%       3d10      0%          2
 Searing Ray              Conj           100%       2d8       0%          2
 Static Discharge         Conj/Air       100%       3-8/arc   0%          2
 Frozen Ramparts          Ice            100%       1d16      0%          3
 Hailstorm                Conj/Ice       96%        3d15      0%          3
 Swiftness                Air            96%        N/A       0%          3
 Kiss of Death            Conj/Necr      100%       2d13      1%          1
 Necrotise                Necr           100%       1d9       1%          1
 Sandblast                Erth           100%       2d20      1%          1
 Slow                     Hex            100%       N/A       1%          1
 Call Imp                 Summ           100%       N/A       1%          2
 Ensorcelled Hibernation  Hex/Ice        100%       N/A       1%          2
 Jinxbite                 Hex            100%       N/A       1%          2
 Mercury Vapours          Alch/Air       100%       N/A       1%          2
 Confusing Touch          Hex            52%        N/A       1%          3
 Dazzling Flash           Conj/Hex       100%       N/A       1%          3
 Fugue of the Fallen      Necr           76%        N/A       1%          3
 Inner Flame              Hex/Fire       83%        N/A       1%          3
 Mephitic Cloud           Conj/Alch/Air  100%       N/A       1%          3
 Sigil of Binding         Hex            52%        N/A       1%          3
 Stone Arrow              Conj/Erth      100%       3d13      1%          3
 Summon Ice Beast         Ice/Summ       64%        N/A       1%          3
 Vampiric Draining        Necr           76%        2d11      1%          3
 Volatile Blastmotes      Fire/Tloc      100%       2d18      1%          3
 Airstrike                Air            48%        2d(7-23)  1%          4
 Anguish                  Hex/Necr       36%        N/A       1%          4
 Brom's Barrelling Bould  Conj/Erth      88%        2d10      1%          4
 Flame Wave               Conj/Fire      100%       2d21      1%          4
 Fulminant Prism          Conj/Alch      44%        3d19      1%          4
 Leda's Liquefaction      Alch/Erth      31%        N/A       1%          4
 Martyr's Knell           Necr/Summ      71%        N/A       1%          4
 Olgreb's Toxic Radiance  Alch           64%        N/A       1%          4
 Petrify                  Alch/Erth      63%        N/A       1%          4
 Sticky Flame             Fire/Alch      89%        2d13      1%          4
 Summon Blazeheart Golem  Fire/Summ      82%        N/A       1%          4
 Summon Lightning Spire   Summ/Air       82%        N/A       1%          4
 Vhi's Electric Charge    Tloc/Air       100%       N/A       1%          4
 Alistair's Intoxication  Alch           42%        N/A       1%          5
 Arcjolt                  Conj/Air       59%        1d69      1%          5
 Curse of Agony           Necr           76%        N/A       1%          5
 Fireball                 Conj/Fire      59%        3d23      1%          5
 Freezing Cloud           Conj/Ice/Air   59%        6-21      1%          5
 Iskenderun's Battlesphe  Conj           95%        2d14      1%          5
 Silence                  Hex/Air        41%        N/A       1%          5
 Bombard                  Conj/Erth      44%        9d7       1%          6
 Conjure Ball Lightning   Conj/Air       59%        3x3d21    1%          6
 Dispersal                Tloc           37%        N/A       1%          6
 Sculpt Simulacrum        Ice/Alch       35%        N/A       1%          6
 Summon Mana Viper        Hex/Summ       51%        N/A       2%          5
 Death Channel            Necr           38%        N/A       6%          6
 Malign Gateway           Summ/Tloc      32%        N/A       16%         7
 Spellforged Servitor     Conj/Summ      41%        N/A       16%         7
 Ignition                 Fire           47%        3d13      22%         8
 Haunt                    Necr/Summ      35%        N/A       45%         7
 Monstrous Menagerie      Summ           25%        N/A       63%         7
 Summon Hydra             Summ           25%        N/A       63%         7
 Borgnjor's Revivificati  Necr           38%        N/A       92%         8
 Discord                  Hex            26%        N/A       99%         8
 Death's Door             Necr           38%        N/A       100%        9


Dungeon Overview and Level Annotations

Branches:
Dungeon (15/15)            Temple (1/1) D:7            Lair (5/5) D:10
 Shoals (4/4) Lair:2        Snake (4/4) Lair:3        Slime (0/5) Lair:4
    Orc (2/2) D:10            Elf (3/3) Orc:2        Vaults (5/5) D:14
  Crypt (3/3) Vaults:2       Tomb (0/3) Crypt:3      Depths (4/4) D:15
   Hell (visited)             Zot (5/5) Depths:4      Sewer (visited)
 Bailey (visited)           IceCv (visited)         Volcano (visited)
 WizLab (visited)         Gauntlet (visited)
    Dis: Hell:1         Geh: Hell:1         Coc: Hell:1         Tar: Hell:1

Altars:
Ashenzari
Cheibriados
Dithmenos
Elyvilon
Fedhas
Gozag
Hepliaklqana
Kikubaaqudgha
Makhleb
Nemelex Xobeh
Okawaru
Qazlal
Ru
Sif Muna
Trog
Uskayaw
Vehumet
Wu Jian
Xom
Yredelemnul
Zin
The Shining One
Jiyva

Shops:
D:6 [!   D:11 :   D:13 ?   D:15 [(*(   Orc:2 ([!?   Elf:2 *(   Elf:3 =*([*
Snake:2 =(   Snake:3 :?=?

Portals:
Hell: Depths:1 Depths:2 Depths:3 Depths:4
Abyss: Crypt:1 Depths:3 Depths:4
Pandemonium: Depths:1 Depths:2
Ziggurat: Depths:1

Annotations:
Zot:3 3 runed translucent doors, Anuegiwi's ghost, veteran AtFi


Innate Abilities, Weirdness & Mutations

((You are very nimble when in or above water. (Stealth+, EV+, Speed+++)))
Your lower body shifts to a powerful aquatic tail in water.
You have sharp fingernails.
You are dopey. (Int -2)
You expend magic power (3 MP) to strengthen your wands.
Your movements are slightly less encumbered by armour. (ER -2)


Message History

A Hell Sentinel comes into view.
There is a stone staircase leading up here.
You climb upwards.
There is a stone staircase leading down here.
There is a stone staircase leading up here.
You climb upwards.
There is a stone staircase leading down here.
Items here: ))) [.
There is a stone staircase leading up here.
You climb upwards.
There is a stone staircase leading down here.
Your magical contamination has completely faded away.
An Orb Guardian comes into view.
Casting: Irradiate (mildly dangerous; 1% risk of failure)
Confirm with . or Enter, or press ? or * to list all spells.
You feel a surge of power!
You draw magical energy from your own body!
A hell beast comes into view.
Casting: Sublimation of Blood (safe; 1% risk of failure)
Confirm with . or Enter, or press ? or * to list all spells.
The heat is drained from your surroundings.
The hell beast is moderately wounded.
The Orb Guardian is moderately wounded.
Casting: Ozocubu's Refrigeration (mildly dangerous; 2% risk of failure)
Confirm with . or Enter, or press ? or * to list all spells.
The heat is drained from your surroundings.
The hell beast is severely wounded.
The Orb Guardian is heavily wounded.
Casting: Ozocubu's Refrigeration (mildly dangerous; 2% risk of failure)
Confirm with . or Enter, or press ? or * to list all spells.
The heat is drained from your surroundings.
You kill the hell beast!
The Orb Guardian is almost dead.
A hellion comes into view.
Casting: Ozocubu's Refrigeration (mildly dangerous; 2% risk of failure)
Confirm with . or Enter, or press ? or * to list all spells.
The heat is drained from your surroundings.
You kill the hellion!
You kill the Orb Guardian!
There is an escape hatch in the ceiling here.
Casting: Ozocubu's Refrigeration (mildly dangerous; 2% risk of failure)
Confirm with . or Enter, or press ? or * to list all spells.
You feel a surge of power!
You draw magical energy from your own body!
You start resting.
HP restored.
A seraph, a daeva and an angel come into view.
The seraph is wielding a +8 great sword of flaming.
The daeva is wielding a +4 scimitar of holy wrath.
The angel is wielding a +2 whip of holy wrath.
The daeva shouts!
The angel shouts!
A mysterious force pulls you upwards. The hatch slams shut behind you.
There is a staircase leading out of the dungeon here.
You have escaped!

.........###.........###..##.##..
#.###.#.## ##.......## ##.##.....
#.....#.# #.......# #.####...
#######.## ##.......## ##.####..#
#######..###.........###..#.....#
>†....#...................#.....#
####.##.........................#
..##.##..........................
#+##'##.........@.........#....##
......#........................#
......#........................#
.....>#......................#.#
......#..###.........###..#....##
......#.## ##.......## ##.##.####
......#.# #.......# #.##.# #
......#.## ##[......## ##..#.####
......#..###.........###.........


There were no monsters in sight!

Vanquished Creatures
  3 dread liches
  3 ancient liches (Zot:5)
  5 orbs of fire (Zot:5)
  A juggernaut (Depths:3)
  The ghost of chuckiee3 the Minotaur Barricade, a veteran MiFi of Okawaru (Zot:5)
  Josephina (Depths:3)
  3 royal mummies (Depths:2)
  2 Killer Klowns (Zot:5)
  Margery (Vaults:4)
  A curse toe (Zot:3)
  5 golden dragons
  Norris (Elf:1)
  The ghost of Morbidden the Brawler, an adept TrFi of Cheibriados (Crypt:1)
  Geryon (Hell)
  2 profane servitors (Crypt:3)
  Nikola (Elf:2)
  A Brimstone Fiend (D:9)
  2 electric golems (Zot:5)
  10 tentacled monstrosities
  Zenata (Vaults:4)
  2 walking crystal tomes
  3 deep elf blademasters
  3 titans
  5 liches
  28 Orb Guardians
  2 deep elf master archers (Elf:3)
  A walking frostbound tome (Depths:3)
  8 sphinxes
  A searing wretch (Vaults:4)
  8 quicksilver dragons
  A tentacled starspawn (Crypt:1)
  9 ancient champions
  2 death cobs (Zot:5)
  6 shadow dragons
  8 storm dragons
  Aizul (Snake:2)
  6 fire giants
  Donald (Snake:1)
  3 draconian monks
  7 tengu reavers
  3 protean progenitors (Zot:3)
  A revenant (Crypt:3)
  Ilsuiw (Shoals:2)
  3 iron dragons (Vaults:5)
  The ghost of cvdvbs the Tortoise, a journeyman MiFi of Okawaru (Orc:2)
  2 nagarajas (Snake:4)
  5 draconian shifters
  3 draconian knights
  4 draconian scorchers
  A balrug (D:9)
  5 ghost moths
  12 frost giants
  5 deep elf sorcerers
  An angel (Depths:1)
  17 vault wardens
  3 cacodemons
  2 curse skulls (Crypt:3)
  2 draconian annihilators (Zot:2)
  2 draconian stormcallers (Zot:3)
  A broodmother (Vaults:2)
  A reaper (Crypt:3)
  The ghost of timpakay the Spear-Bearer, a journeyman DrRe of Okawaru (Orc:1)
  21 ironbound preservers
  3 orc warlords
  A ghoul (Crypt:3)
  2 spriggan defenders (Depths:2)
  4 deep elf elementalists (Elf:3)
  4 green draconians
  26 very ugly things
  8 vampire knights
  15 stone giants
  5 deep elf demonologists
  8 ironbound thunderhulks
  A lorocyproca (Depths:1)
  5 black draconians
  An apis (Depths:4)
  2 war gargoyles (Vaults:4)
  7 dire elephants
  10 deep elf annihilators
  5 deep elf death magi
  5 white draconians
  2 yellow draconians
  9 purple draconians
  5 eidola
  5 red draconians
  9 merfolk impalers
  A blizzard demon (Hell)
  4 deep elf high priests
  5 merfolk javelineers
  11 ettins
  3 crystal guardians
  5 mummy priests
  The ghost of Ysulesaher the Nimble, a journeyman TrGl of Cheibriados (Lair:1)
  17 jiangshi
  10 fire dragons
  4 entropy weavers
  13 yaktaur captains
  A hell beast (D:2)
  2 ogre magi
  6 rakshasas
  4 great orbs of eyes
  10 ice dragons
  4 spriggan air magi
  4 hydras
  6 salamander tyrants (Snake:4)
  29 vault guards
  3 alligator snapping turtles
  6 merfolk avatars
  15 ironbound frosthearts
  4 peacekeepers
  2 alligators
  A radroach (Gauntlet)
  A juggernaut simulacrum (Depths:3)
  4 merfolk aquamancers
  A catoblepas (D:13)
  7 boulder beetles
  The ghost of Pixllover the Cleaver, a novice MiBe of Trog (D:9)
  11 two-headed ogres
  14 centaur warriors
  5 naga warriors
  2 death knights (Crypt:1)
  11 anacondas
  6 satyrs
  24 dancing weapons
  7 deep troll earth magi
  7 deep troll shamans
  3 spriggan berserkers
  2 orc high priests (Vaults:1)
  A shock serpent (shapeshifter) (Depths:4)
  An occultist (Depths:3)
  6 death yaks (Lair:5)
  5 shock serpents
  7 hell hogs
  11 tengu warriors
  6 vampire magi
  12 naga sharpshooters
  20 hell knights
  19 deep elf knights
  A thrashing horror (Crypt:1)
  A titan zombie (Crypt:3)
  4 sun demons
  3 soul eaters
  7 skysharks
  A fire crab (D:15)
  5 spriggans
  2 sixfirhies
  24 skeletal warriors
  9 iron trolls
  A skyshark (shapeshifter) (Vaults:5)
  The ghost of GordonOverkill the Thaumaturge, a novice SpDe of Vehumet (D:10)
  3 shadow wraiths
  A storm dragon skeleton (Crypt:3)
  5 flayed ghosts
  15 sea snakes
  A deep troll (shapeshifter) (Vaults:5)
  A death drake (Zot:3)
  6 salamander mystics
  4 naga ritualists
  8 arcanists
  A snapping turtle (shapeshifter) (Vaults:5)
  14 ironbound convokers
  5 mana vipers
  A mana viper (shapeshifter) (Vaults:5)
  An obsidian statue (Zot:5)
  A kraken simulacrum (Shoals:3)
  63 deep trolls
  3 glowing orange brains
  A sun moth (Elf:3)
  A golden dragon skeleton (Crypt:3)
  21 harpies
  11 deep elf archers
  9 necromancers
  2 spectral anacondas (Snake:4)
  3 bog bodies (Crypt:3)
  14 lindwurms
  9 phantasmal warriors
  3 orange crystal statues
  A sea snake (shapeshifter) (Vaults:5)
  A fenstrider witch simulacrum (Crypt:3)
  26 deep elf pyromancers
  12 orc knights
  An anaconda skeleton (Snake:4)
  An oklob plant (D:9)
  A stone giant zombie (Crypt:1)
  22 deep elf zephyrmancers
  11 salamanders
  13 manticores
  64 ugly things
  6 cyclopes
  15 merfolk sirens
  14 moths of wrath
  21 fauns
  2 orc sorcerers
  5 meliai
  2 elephants (Gauntlet)
  4 kobold blastminers (Orc:2)
  5 water nymphs
  4 guardian serpents (Snake:4)
  A fire giant skeleton (Depths:1)
  An apocalypse crab (Crypt:1)
  A cane toad (shapeshifter) (Vaults:3)
  9 naga magi
  25 black mambas
  5 orange demons
  A rust devil (D:13)
  An ice statue (D:9)
  A storm dragon simulacrum (Depths:3)
  18 vault sentinels
  2 gargoyles
  A spectral sea snake (Snake:4)
  A molten gargoyle (D:11)
  9 cane toads
  A kobold demonologist (D:13)
  8 smoke demons
  An unseen horror (D:11)
  7 rime drakes
  5 komodo dragons
  A bunyip simulacrum (Crypt:3)
  2 alligator snapping turtle skeletons (Crypt:2)
  5 freezing wraiths
  20 yaktaurs
  13 guardian mummies (Crypt:3)
  A hellion (D:2)
  A white draconian skeleton (Crypt:1)
  3 ice devils
  3 spectral nagas (Snake:4)
  2 anaconda simulacra (Snake:4)
  Psyche (D:12)
  A tormentor (Depths:1)
  3 tengu conjurers
  A black draconian skeleton (Crypt:2)
  A grey draconian skeleton (Crypt:1)
  29 merfolk
  A sea snake skeleton (Snake:4)
  A harpy zombie (Crypt:1)
  2 merfolk (shapeshifter) (Vaults:3)
  5 red devils
  A hydra zombie (Crypt:2)
  14 polar bears
  9 hornets
  A spectral guardian serpent (Snake:4)
  4 trolls
  3 glass eyes (shapeshifter)
  A troll (shapeshifter) (Elf:1)
  3 hellwings
  5 wind drakes
  A harpy skeleton (Crypt:3)
  10 blink frogs
  An ice dragon zombie (Crypt:2)
  11 dream sheep
  2 glass eyes (Depths:3)
  A jumping spider zombie (Crypt:3)
  9 snapping turtles
  A dream sheep (shapeshifter) (Vaults:5)
  A jumping spider (shapeshifter) (D:15)
  A fire giant simulacrum (Depths:1)
  4 air elementals
  30 slime creatures
  4 jumping spiders
  3 wraiths (Crypt:1)
  4 ynoxinuls
  2 shadows
  An ettin skeleton (Crypt:3)
  A wyvern (shapeshifter) (Crypt:1)
  18 water elementals
  30 yaks
  4 vampires
  2 spriggan skeletons (Depths:1)
  11 wyverns
  A hog (shapeshifter) (D:15)
  6 humans
  A human (shapeshifter) (D:14)
  An ice dragon skeleton (Crypt:1)
  A fire bat (Vaults:1)
  3 ushabtiu (Crypt:3)
  3 basilisks
  2 neqoxecs (D:13)
  A fire elemental (Elf:3)
  2 alligator snapping turtle simulacra (Shoals:3)
  A golden eye (Shoals:4)
  A hog (Vaults:1)
  3 wargs
  9 redbacks
  5 chaos spawn
  3 sea snake simulacra
  5 death yak simulacra (Shoals:3)
  7 vampire mosquitoes
  A naga zombie (Crypt:3)
  A harpy simulacrum (Shoals:3)
  A merfolk zombie (Crypt:2)
  3 acid dragons
  A glowing shapeshifter skeleton (Crypt:2)
  27 nagas
  3 hell hounds (Hell)
  A hydra simulacrum (Crypt:3)
  17 water moccasins
  3 sky beasts
  A spectral troll (Orc:2)
  A human skeleton (Depths:1)
  2 swamp drakes
  3 ice beasts
  28 orc warriors
  A water nymph skeleton (Crypt:3)
  16 laughing skulls
  3 black bears
  5 wolves
  A satyr simulacrum (Shoals:3)
  7 boggarts
  7 ogres
  A phantom (D:6)
  20 centaurs
  A dream sheep skeleton (Crypt:3)
  A yaktaur zombie (Crypt:2)
  A faun simulacrum (Shoals:3)
  A necrophage (Crypt:3)
  A gnoll sergeant (D:6)
  3 earth elementals
  14 bullfrogs
  2 glowing shapeshifter simulacra (Depths:3)
  3 merfolk simulacra (Shoals:3)
  3 scorpions
  A warg skeleton (Crypt:3)
  5 wights
  A water moccasin skeleton (Crypt:3)
  9 killer bees (D:8)
  A manticore simulacrum (Shoals:3)
  6 howler monkeys
  4 crimson imps
  A lava snake (Lair:1)
  2 bombardier beetles
  A quasit (D:13)
  A cerulean imp (Volcano)
  5 hounds
  6 jellies
  A gnoll bouda (D:7)
  9 orc priests
  2 cyclops simulacra (Shoals:3)
  2 sleepcaps
  3 iguanas
  15 orc wizards
  Natasha (thrice) (D:3)
  A troll simulacrum (Orc:2)
  4 centaur simulacra (Shoals:3)
  3 naga skeletons
  5 spectral orcs (Orc:2)
  A howler monkey skeleton (Crypt:1)
  14 adders
  16 gnolls
  3 naga simulacra
  A river rat (Sewer)
  A steam dragon zombie (Crypt:1)
  A shadow imp (D:8)
  4 white imps
  An orc simulacrum (Orc:2)
  3 ufetubi
  6 ribbon worms
  6 dart slugs
  59 orcs
  12 ball pythons
  4 bats
  15 endoplasms
  5 giant cockroaches
  A gnoll zombie (Crypt:3)
  15 goblins
  9 hobgoblins
  3 jackals (D:4)
  9 quokkas
  A river rat zombie (Crypt:3)
  9 frilled lizards
  3 kobolds (D:1)
  A quokka zombie (Crypt:2)
  10 rats
  3 aspiring fleshes (Zot:3)
  A lurking horror (Crypt:1)
2186 creatures vanquished.

Vanquished Creatures (collateral kills)
  Parghit (Depths:3)
  Jory (Vaults:4)
  A tentacled monstrosity (Zot:3)
  Roxanne (Elf:2)
  8 slime creatures (Vaults:1)
  A crystal guardian (Vaults:3)
  A yaktaur captain (Vaults:2)
  A vault guard (Vaults:3)
  A hydra (Lair:3)
  A boulder beetle (D:14)
  5 death yaks (Lair:5)
  3 dancing weapons
  A two-headed ogre (Lair:5)
  An iron troll (Depths:1)
  3 orc knights (Orc:2)
  A deep elf zephyrmancer (Elf:2)
  A deep elf pyromancer (Elf:2)
  2 wolf spiders (Lair:5)
  A necromancer (Vaults:3)
  A manticore (D:12)
  An elf skeleton (Vaults:3)
  7 ugly things
  3 elephants (Lair:2)
  3 black mambas
  A kobold blastminer (Orc:2)
  A guardian serpent (Lair:5)
  5 cane toads
  A rime drake (Lair:5)
  A yaktaur zombie (Vaults:3)
  4 komodo dragons
  2 trolls
  A dream sheep (Lair:4)
  A blink frog (Lair:4)
  A wraith (D:12)
  15 yaks
  2 basilisks
  6 wyverns
  A warg (Lair:1)
  A yaktaur simulacrum (Vaults:3)
  2 nagas (Lair:3)
  A glowing shapeshifter zombie (Vaults:3)
  13 water moccasins
  7 orc warriors
  A black bear (D:6)
  2 ogres
  3 centaurs
  3 wolves (Lair:5)
  5 bullfrogs
  A scorpion (D:5)
  A howler monkey (D:12)
  4 jellies (Lair:4)
  An orc priest (Orc:1)
  An orc wizard (Orc:1)
  3 gnolls (D:6)
  An ufetubus (D:6)
  12 orcs
154 creatures vanquished.

Vanquished Creatures (others)
  A yak (D:10)
  A steam dragon (D:9)
  An orc wizard (Orc:2)
  2 tentacles (Shoals:3)
5 creatures vanquished.

Grand Total: 2345 creatures vanquished

Notes
Turn   | Place    | Note
-------+----------+-------------------------------------------
     0 | D:1      | Ge0ff the Merfolk Reaver began the quest for the Orb.
     0 | D:1      | Reached XP level 1. HP: 16/16 MP: 3/3
    24 | D:1      | Learned a level 1 spell: Magic Dart
    40 | D:1      | Reached skill level 1 in Stealth
    85 | D:1      | Reached XP level 2. HP: 7/22 MP: 1/5
   622 | D:1      | Reached skill level 1 in Armour
   917 | D:1      | Reached XP level 3. HP: 27/27 MP: 1/6
  1276 | D:2      | Found a sparkling altar of Nemelex Xobeh.
  1882 | D:2      | Reached XP level 4. HP: 33/33 MP: 2/7
  2631 | D:2      | Became a worshipper of Nemelex Xobeh the Trickster
  2669 | D:3      | Found the ring of Shadows {Umbra +Inv Stlth+}
  2671 | D:3      | Noticed Natasha
  2684 | D:3      | Killed Natasha
  2685 | D:3      | Reached skill level 5 in Polearms
  2685 | D:3      | Reached skill level 1 in Invocations
  2795 | D:3      | Reached XP level 5. HP: 34/38 MP: 8/8
  2846 | D:3      | Noticed Natasha
  2858 | D:3      | Killed Natasha
  2893 | D:3      | Found a faded altar of an unknown god.
  2919 | D:3      | Noticed Natasha
  2925 | D:3      | Killed Natasha
  3343 | D:3      | Found a bloodstained altar of Trog.
  3702 | D:3      | Found a shimmering blue altar of Sif Muna.
  3819 | D:4      | Reached XP level 6. HP: 35/44 MP: 7/9
  3961 | D:4      | Found a glowing drain.
  3965 | Sewer    | Entered a sewer
  3965 | Sewer    | Reached * piety under Nemelex Xobeh
  4611 | Sewer    | Reached XP level 7. HP: 43/52 MP: 4/10
  4676 | Sewer    | Found a viscous altar of Jiyva.
  4889 | D:4      | Found a hide-covered altar of Uskayaw.
  5152 | D:4      | Learned a level 2 spell: Blink
  5155 | D:4      | Learned a level 2 spell: Call Imp
  5195 | D:4      | Found Xenof's Vocational Training.
  5296 | D:4      | Reached skill level 1 in Summonings
  5643 | D:5      | Entered Level 5 of the Dungeon
  5646 | D:5      | Identified the staff of the Forest {^Fragile rN+ Conj Necro
                  | Fire Air}
  5782 | D:5      | Received a gift from Nemelex Xobeh
  6168 | D:5      | Found an opulent altar of Gozag.
  6275 | D:5      | Reached XP level 8. HP: 46/51 MP: 7/11
  6321 | D:5      | Reached ** piety under Nemelex Xobeh
  6734 | D:5      | Reached skill level 5 in Summonings
  7364 | D:6      | Reached XP level 9. HP: 57/66 MP: 10/13
  7399 | D:6      | Identified the +3 leather armour of the Beekeeper {rPois}
  7479 | D:6      | Reached skill level 5 in Fighting
  7479 | D:6      | Reached skill level 5 in Invocations
  7610 | D:6      | Found Xaatywam's Distillery.
  7634 | D:6      | Reached skill level 1 in Evocations
  7720 | D:6      | Bought a potion of curing for 33 gold pieces
  7720 | D:6      | Bought a potion of heal wounds for 55 gold pieces
  8171 | D:6      | Found Zaufif's Armour Boutique.
  8176 | D:6      | Bought a +1 buckler of protection for 231 gold pieces
  8221 | D:7      | Found a flagged portal.
  8258 | Bailey   | Entered a bailey
  8459 | Bailey   | Noticed an orc knight
  8477 | Bailey   | Killed an orc knight
  8478 | Bailey   | Reached skill level 1 in Shields
  8646 | D:7      | Found a staircase to the Ecumenical Temple.
  8659 | Temple   | Entered the Ecumenical Temple
  8966 | D:7      | Reached skill level 10 in Polearms
  9067 | D:7      | Found a blossoming altar of Fedhas.
  9355 | D:8      | Reached XP level 10. HP: 74/74 MP: 11/14
  9355 | D:8      | Received a gift from Nemelex Xobeh
  9472 | D:8      | Reached *** piety under Nemelex Xobeh
  9889 | D:8      | Found a faded altar of an unknown god.
  9889 | D:8      | Found a hazy altar of Hepliaklqana.
  9891 | D:8      | Found a faded altar of an unknown god.
 10394 | D:8      | Received a gift from Nemelex Xobeh
 10426 | D:9      | Noticed a boulder beetle
 10453 | D:9      | Killed a boulder beetle
 10556 | D:9      | Noticed an ice statue
 10559 | D:9      | Noticed Pixllover's ghost (novice MiBe)
 10563 | D:9      | Found a transporter.
 10563 | D:9      | Noticed a two-headed ogre
 10564 | D:9      | Noticed a white ugly thing
 10568 | D:9      | Found a transporter.
 10569 | D:9      | Noticed an oklob plant
 10610 | D:9      | Reached skill level 5 in Evocations
 10849 | D:9      | Reached skill level 5 in Shields
 11032 | D:9      | Noticed a centaur warrior
 11037 | D:9      | Noticed a deep elf pyromancer
 11106 | D:9      | Found an ornate altar of the Wu Jian Council.
 11110 | D:9      | Found a shimmering altar of Xom.
 11113 | D:9      | Found a glowing silver altar of Zin.
 11118 | D:9      | Found a burning altar of Makhleb.
 11118 | D:9      | Found a shadowy altar of Dithmenos.
 11120 | D:9      | Found an ancient bone altar of Kikubaaqudgha.
 11143 | D:9      | Reached skill level 1 in Hexes
 11210 | D:9      | Reached skill level 1 in Fire Magic
 11217 | D:9      | Reached XP level 11. HP: 64/81 MP: 11/16
 11241 | D:9      | Learned a level 3 spell: Inner Flame
 11330 | D:9      | Found a radiant altar of Vehumet.
 11504 | D:10     | Entered Level 10 of the Dungeon
 11510 | D:10     | Found a runed translucent gate.
 11511 | D:10     | Found a runed translucent gate.
 11513 | D:10     | Found a runed translucent gate.
 11515 | D:10     | Noticed GordonOverkill's ghost (novice SpDe)
 11620 | D:10     | Found a staircase to the Orcish Mines.
 11643 | D:10     | Received a gift from Nemelex Xobeh
 11760 | D:10     | Noticed a two-headed ogre
 11775 | D:10     | Killed a two-headed ogre
 11817 | D:10     | Reached **** piety under Nemelex Xobeh
 11959 | D:10     | Reached skill level 5 in Hexes
 12019 | D:10     | Noticed a centaur warrior
 12037 | D:10     | Killed a centaur warrior
 12246 | D:10     | Found a staircase to the Lair.
 13015 | D:11     | Found Aghaadaa's Book Shoppe.
 13373 | D:11     | Noticed a two-headed ogre
 13382 | D:11     | Killed a two-headed ogre
 13886 | D:11     | Noticed a cyclops
 13904 | D:11     | Killed a cyclops
 14195 | D:11     | Received a gift from Nemelex Xobeh
 14298 | D:11     | Bought a book of the Tundra for 450 gold pieces
 14302 | D:11     | Learned a level 3 spell: Summon Ice Beast
 14420 | Lair:1   | Entered Level 1 of the Lair of Beasts
 14493 | Lair:1   | Reached XP level 12. HP: 91/91 MP: 11/17
 14588 | Lair:1   | Reached skill level 1 in Ice Magic
 14944 | Lair:1   | Reached ***** piety under Nemelex Xobeh
 14944 | Lair:1   | Received a gift from Nemelex Xobeh
 15215 | Lair:1   | Found a large runed translucent door.
 15216 | Lair:1   | Found a large runed translucent door.
 15219 | Lair:1   | Noticed Ysulesaher's ghost (journeyman TrGl)
 15256 | Lair:1   | Reached skill level 5 in Ice Magic
 16151 | Lair:2   | Reached skill level 5 in Spellcasting
 16632 | Lair:2   | Reached skill level 5 in Dodging
 16637 | Lair:2   | Found a staircase to the Shoals.
 16704 | Lair:2   | Identified the +0 chain mail of Yruruhac {rC- Int+4 Dex+3}
 16758 | Lair:2   | Received a gift from Nemelex Xobeh
 17140 | Lair:3   | Received a gift from Nemelex Xobeh
 17285 | Lair:3   | Found a dark tunnel.
 17291 | Volcano  | Entered a volcano
 17401 | Volcano  | Noticed a sun demon
 17404 | Volcano  | a sun demon changed into a ynoxinul
 17549 | Volcano  | Reached XP level 13. HP: 98/98 MP: 12/20
 17903 | Lair:3   | Learned a level 7 spell: Ozocubu's Refrigeration
 18562 | Lair:3   | Found a staircase to the Snake Pit.
 18573 | Lair:3   | Received a gift from Nemelex Xobeh
 19200 | Lair:4   | Found a staircase to the Slime Pits.
 19208 | Lair:4   | Found a viscous altar of Jiyva.
 19553 | Lair:4   | Received a gift from Nemelex Xobeh
 20507 | Lair:5   | Entered Level 5 of the Lair of Beasts
 20516 | Lair:5   | Reached skill level 10 in Ice Magic
 20835 | Lair:5   | Reached XP level 14. HP: 94/106 MP: 19/25
 21525 | Lair:5   | Received a gift from Nemelex Xobeh
 22369 | Lair:5   | Reached XP level 15. HP: 112/112 MP: 26/28
 23674 | Lair:5   | Learned a level 3 spell: Stone Arrow
 23805 | Orc:1    | Entered Level 1 of the Orcish Mines
 23832 | Orc:1    | Upgraded the game from 0.32-a0-22-g6ae6769602 to
                  | 0.32-a0-30-gefbe487952
 24154 | Orc:2    | Entered Level 2 of the Orcish Mines
 24154 | Orc:2    | Received a gift from Nemelex Xobeh
 24358 | Orc:2    | Noticed Jorgrun
 24371 | Orc:2    | Jorgrun changed into Jorgrun the alligator
 24371 | Orc:2    | Noticed Jorgrun
 24379 | Orc:2    | Killed Jorgrun the alligator
 24634 | Orc:2    | Reached skill level 10 in Spellcasting
 24941 | Orc:2    | Found a staircase to the Elven Halls.
 25341 | Orc:1    | Found a transporter.
 25382 | Orc:1    | Found a transporter.
 25382 | Orc:1    | Noticed timpakay's ghost (journeyman DrRe)
 25385 | Orc:1    | Found a bloodstained altar of Trog.
 25480 | Orc:2    | Found a runed translucent gate.
 25480 | Orc:2    | Found a runed translucent gate.
 25481 | Orc:2    | Found a runed translucent gate.
 25486 | Orc:2    | Noticed cvdvbs's ghost (journeyman MiFi)
 25615 | Orc:2    | Found Qeyllos's Distillery.
 25615 | Orc:2    | Found Yfemal's Antique Armour Shoppe.
 25615 | Orc:2    | Found Rujeukhlu's Weapon Emporium.
 25618 | Orc:2    | Found Inazip's Magic Scroll Shop.
 25622 | Orc:2    | Bought a potion of berserk rage for 70 gold pieces
 25633 | Orc:2    | Bought a scorched hat for 243 gold pieces
 25633 | Orc:2    | Identified the +1 hat of the Lich-sworn {Rampage rC+ Dex+3}
                  | (You bought it in a shop on level 2 of the Orcish Mines)
 26492 | D:12     | Noticed Psyche
 26602 | D:12     | Killed Psyche
 26695 | D:12     | Received a gift from Nemelex Xobeh
 28115 | D:13     | You fall into a shaft and drop 1 floor!
 28139 | D:14     | Received a gift from Nemelex Xobeh
 28165 | D:14     | Reached XP level 16. HP: 118/118 MP: 31/31
 28183 | D:14     | Found a gate leading to a gauntlet.
 28187 | D:14     | Reached ****** piety under Nemelex Xobeh
 28374 | Gauntlet | Entered a Gauntlet
 28374 | Gauntlet | Found a transporter.
 28374 | Gauntlet | Found a transporter.
 28374 | Gauntlet | Found a runed translucent gate.
 28446 | Gauntlet | Found a transporter.
 28450 | Gauntlet | Found a transporter.
 28458 | Gauntlet | Found a transporter.
 28463 | Gauntlet | Found a transporter.
 28472 | Gauntlet | Found a transporter.
 28489 | Gauntlet | Found a transporter.
 28493 | Gauntlet | Found a runed translucent door.
 28510 | Gauntlet | Found a transporter.
 28511 | Gauntlet | Found a transporter.
 28519 | Gauntlet | Found a transporter.
 28523 | Gauntlet | Found a transporter.
 28525 | Gauntlet | Found a runed translucent gate.
 28525 | Gauntlet | Found a runed translucent gate.
 28582 | Gauntlet | Got the Volume of Wanderlust
 28642 | Gauntlet | Learned a level 4 spell: Iskenderun's Mystic Blast
 29079 | Gauntlet | Received a gift from Nemelex Xobeh
 29079 | Gauntlet | Identified the ring "Jiniang" {rElec EV+5 Str+3}
 29144 | Gauntlet | Got the Compilation of Thrice Damned Blessings
 30013 | D:13     | Got the Secrets of the Unfortunate Voyage
 30455 | D:13     | Found Jiremiut's Magic Scroll Emporium.
 30637 | D:13     | Received a gift from Nemelex Xobeh
 32660 | D:14     | Received a gift from Nemelex Xobeh
 33005 | D:14     | Found a gate to the Vaults.
 33316 | D:15     | Entered Level 15 of the Dungeon
 33330 | D:15     | Found a flickering gateway to a bazaar.
 33371 | D:15     | Found a staircase to the Depths.
 33418 | Bazaar   | Entered a bazaar
 33418 | Bazaar   | Found Kiorphei's Magic Scroll Emporium.
 33418 | Bazaar   | Received a gift from Nemelex Xobeh
 33520 | Bazaar   | Found Qini's Antique Armour Emporium.
 33531 | Bazaar   | Found Ufos's Antique Weapon Boutique.
 33562 | Bazaar   | Found Fiti's General Store.
 33570 | Bazaar   | Bought a potion of curing for 39 gold pieces
 33570 | Bazaar   | Bought a potion of heal wounds for 65 gold pieces
 33570 | Bazaar   | Bought a potion of heal wounds for 65 gold pieces
 33570 | Bazaar   | Found Nuuveluy's Book Shop.
 33596 | Bazaar   | Bought a scroll of immolation for 64 gold pieces
 33596 | Bazaar   | Bought a scroll of poison for 64 gold pieces
 33596 | Bazaar   | Bought a scroll of revelation for 120 gold pieces
 33596 | Bazaar   | Bought a scroll of teleportation for 48 gold pieces
 33596 | Bazaar   | Bought a scroll of teleportation for 48 gold pieces
 33596 | Bazaar   | Bought a scroll of enchant weapon for 120 gold pieces
 33596 | Bazaar   | Bought a scroll of silence for 152 gold pieces
 33728 | D:15     | Received a gift from Nemelex Xobeh
 33783 | D:15     | Found Yloptir's Armour Shop.
 34006 | D:15     | Found Tiamoxil's Antique Weapon Shop.
 34076 | D:15     | Found Qaderul's Assorted Antiques.
 34599 | D:15     | Found Tigoogeo's Weapon Emporium.
 34676 | D:15     | Bought a scroll labelled PEPHICU JESEC for 33 gold pieces
 34676 | D:15     | Acquired 739 gold pieces
 35270 | Snake:1  | Entered Level 1 of the Snake Pit
 35448 | Snake:1  | Received a gift from Nemelex Xobeh
 36923 | Snake:1  | Noticed Donald
 36924 | Snake:1  | Killed Donald
 36925 | Snake:1  | Reached XP level 17. HP: 126/126 MP: 35/35
 37122 | Snake:2  | Found Dimifixt's Weapon Boutique.
 37172 | Snake:2  | Received a gift from Nemelex Xobeh
 37287 | Snake:2  | Reached skill level 10 in Fighting
 37415 | Snake:2  | Received a gift from Nemelex Xobeh
 37792 | Snake:2  | Found Adaxes's Jewellery Boutique.
 37892 | Snake:2  | Received a gift from Nemelex Xobeh
 37966 | Snake:2  | Identified the serpent talisman of Onluilih {Dex+3}
 37966 | Snake:2  | Noticed Aizul
 37972 | Snake:2  | Killed Aizul
 38428 | Snake:2  | Identified the +1 scale mail "Riseigesch" {rN+}
 39054 | Snake:3  | Received a gift from Nemelex Xobeh
 39291 | Snake:3  | Found Filaps's Magic Scroll Shop.
 39291 | Snake:3  | Found Liwnowk's Magic Scroll Shop.
 39292 | Snake:3  | Found Zahom's Jewellery Shop.
 39297 | Snake:3  | Found Jefuam's Book Shop.
 39303 | Snake:3  | Bought 3 scrolls of vulnerability for 216 gold pieces
 39869 | Snake:3  | Bought a ring of poison resistance for 320 gold pieces
 39889 | Snake:3  | Received a gift from Nemelex Xobeh
 40437 | Snake:4  | Entered Level 4 of the Snake Pit
 40444 | Snake:4  | Learned a level 5 spell: Fireball
 40645 | Snake:4  | Found a glacial archway.
 40731 | IceCv    | Entered an ice cave
 40853 | IceCv    | Reached skill level 5 in Fire Magic
 41402 | IceCv    | Reached skill level 5 in Conjurations
 42468 | IceCv    | Received a gift from Nemelex Xobeh
 43411 | Snake:4  | Received a gift from Nemelex Xobeh
 43599 | Snake:4  | Found a glowing silver altar of Zin.
 43798 | Snake:4  | Reached XP level 18. HP: 138/139 MP: 21/36
 45592 | Snake:4  | Received a gift from Nemelex Xobeh
 46799 | Snake:4  | Reached skill level 1 in Earth Magic
 47091 | Snake:4  | Got a serpentine rune of Zot
 47512 | Shoals:1 | Entered Level 1 of the Shoals
 47987 | D:4      | Bought a manual of Invocations for 1120 gold pieces
 49347 | Shoals:1 | Received a gift from Nemelex Xobeh
 50318 | Shoals:2 | Noticed Ilsuiw
 50527 | Shoals:2 | Received a gift from Nemelex Xobeh
 50568 | Shoals:2 | Killed Ilsuiw
 51041 | Shoals:2 | Received a gift from Nemelex Xobeh
 52424 | Shoals:3 | Reached skill level 10 in Invocations
 52424 | Shoals:3 | Reached XP level 19. HP: 145/145 MP: 10/37
 53329 | Shoals:3 | Found a runed translucent gate.
 53329 | Shoals:3 | Found a runed translucent gate.
 53329 | Shoals:3 | Found a runed translucent gate.
 54272 | Shoals:3 | Received a gift from Nemelex Xobeh
 54597 | Shoals:4 | Entered Level 4 of the Shoals
 54724 | Shoals:4 | Reached skill level 10 in Conjurations
 55715 | Shoals:4 | Reached skill level 10 in Fire Magic
 57609 | Shoals:4 | Identified the +3 dagger "Gukarhim" {venom, ^Drain rN++
                  | Int+2}
 57743 | Shoals:4 | Received a gift from Nemelex Xobeh
 57799 | Shoals:4 | Identified the ring of Ystanuxo {+Blink rC+}
 57846 | Shoals:4 | Got a barnacled rune of Zot
 58512 | Elf:1    | Entered Level 1 of the Elven Halls
 58777 | Elf:1    | Received a gift from Nemelex Xobeh
 58777 | Elf:1    | Found a flickering gateway to a bazaar.
 58806 | Bazaar   | Entered a bazaar
 58806 | Bazaar   | Found Yloasuwa's Assorted Antiques.
 58806 | Bazaar   | Found Wunir's Antique Armour Shoppe.
 58806 | Bazaar   | Found Keurchiff's Jewellery Shop.
 58895 | Bazaar   | Found Naofasef's General Store.
 58895 | Bazaar   | Found Ableihi's Magic Scroll Shoppe.
 58944 | Bazaar   | Bought a pair of slimy gloves for 152 gold pieces
 58944 | Bazaar   | Identified the +0 pair of gloves of Privacy {rN+ Dex+2
                  | Stlth+} (You bought it in a shop in a bazaar)
 58966 | Bazaar   | Bought a scroll of revelation for 60 gold pieces
 58973 | Bazaar   | Bought a potion of heal wounds for 80 gold pieces
 58973 | Bazaar   | Bought a scroll of teleportation for 48 gold pieces
 58979 | Bazaar   | Bought a scroll of revelation for 90 gold pieces
 59836 | Elf:1    | Noticed Norris
 59838 | Elf:1    | Killed Norris
 60000 | Elf:1    | Reached XP level 20. HP: 139/152 MP: 8/38
 60449 | Elf:1    | Received a gift from Nemelex Xobeh
 60978 | Elf:2    | Identified the +1 trident of Revolt {elec, Int+2}
 61450 | Elf:2    | Found a huge runed translucent gate.
 61450 | Elf:2    | Found a huge runed translucent gate.
 61450 | Elf:2    | Found a huge runed translucent gate.
 61450 | Elf:2    | Found a huge runed translucent gate.
 61451 | Elf:2    | Found a huge runed translucent gate.
 61924 | Elf:2    | Paralysed by an air elemental for 1 turns
 62111 | Elf:2    | Found Qavvanlo's Overcharged Wands.
 62438 | Elf:2    | Noticed Nikola
 62447 | Elf:2    | Killed Nikola
 62787 | Elf:2    | Found Zebb's Weapon Emporium.
 62904 | Elf:2    | Noticed Roxanne
 62912 | Elf:2    | Learned a level 5 spell: Lee's Rapid Deconstruction
 62932 | Elf:2    | Killed Roxanne
 63255 | Elf:2    | Identified the +0 trident of Kyre {flame, rElec rPois
                  | Int+2}
 64406 | Elf:2    | Received a gift from Nemelex Xobeh
 64550 | Elf:3    | Entered Level 3 of the Elven Halls
 64795 | Elf:3    | Found Ama Mupn's Antique Armour Shoppe.
 64872 | Elf:3    | Found Azxunaf's General Store.
 65678 | Elf:3    | Found Ybruuge's Assorted Antiques.
 65685 | Elf:3    | Received a gift from Nemelex Xobeh
 65692 | Elf:3    | Bought a forked copper wand for 112 gold pieces
 65838 | Elf:3    | Reached skill level 1 in Translocations
 66148 | Elf:3    | Found Peef's Jewellery Emporium.
 66159 | Elf:3    | Found Pebuwnat's Antique Weapon Shop.
 66337 | Elf:3    | Identified the +12 morningstar "Itunivvitu" {vamp, rPois
                  | Int+3}
 66337 | Elf:3    | Identified the +0 leather armour "Xeydwoud" {Rampage}
 66857 | Elf:3    | Learned a level 1 spell: Apportation
 66963 | Elf:3    | Learned a level 3 spell: Passwall
 67082 | Elf:3    | Identified the +7 war axe of a sewer {heavy, Will+ Str+2}
 67084 | Elf:3    | Found Ybruuge's Assorted Antiques.
 67620 | Elf:3    | Found Azxunaf's General Store.
 67701 | Elf:3    | Found Peef's Jewellery Emporium.
 67715 | Elf:3    | Found Pebuwnat's Antique Weapon Shop.
 67720 | Elf:3    | Found Ama Mupn's Antique Armour Shoppe.
 67897 | Elf:3    | Identified the +4 flail of Benevolence {spect, rPois rC-
                  | Str+5 Int+3}
 67897 | Elf:3    | Identified the +6 scale mail "Virchei" {rPois rF+ Int-4
                  | Stlth+}
 67897 | Elf:3    | Identified the ring of Greater Demons {Str+6 Dex+7 SInv}
 67918 | Elf:3    | Reached XP level 21. HP: 120/158 MP: 6/39
 68083 | Elf:3    | Identified the +2 rapier of the Shoals {heavy, rElec rF++
                  | Str+3 Dex-2}
 68083 | Elf:3    | Identified the amulet of Rixip {Acrobat ^Drain rF+ Regen+
                  | Int+2}
 68434 | Elf:3    | Identified the +1 cloak of Grace {^Contam rC+ Str+2}
 68834 | Vaults:1 | Entered Level 1 of the Vaults
 69526 | Vaults:1 | Received a gift from Nemelex Xobeh
 72500 | Vaults:1 | Identified the +0 long sword "Qemepsofyt" {drain, *Corrode
                  | rElec rF++ SInv}
 72773 | Vaults:1 | Learned a level 2 spell: Sublimation of Blood
 73032 | Vaults:2 | Reached skill level 1 in Necromancy
 73954 | Vaults:2 | Received a gift from Nemelex Xobeh
 74350 | Vaults:2 | Acquired the +2 cloak of Vuan {rElec Will+ Dex+3}
 76445 | Vaults:2 | Learned a level 5 spell: Irradiate
 76718 | Vaults:2 | Found a staircase to the Crypt.
 76868 | Vaults:2 | Received a gift from Nemelex Xobeh
 77094 | Vaults:3 | Reached XP level 22. HP: 165/165 MP: 12/40
 77217 | Vaults:3 | Reached skill level 1 in Alchemy
 78521 | D:4      | Bought a manual of Evocations for 1120 gold pieces
 79473 | Vaults:3 | Reached skill level 5 in Translocations
 80441 | Vaults:3 | Received a gift from Nemelex Xobeh
 80963 | Vaults:3 | Reached skill level 5 in Armour
 81182 | Vaults:3 | Reached skill level 5 in Necromancy
 81423 | Vaults:3 | Received a gift from Nemelex Xobeh
 81659 | Vaults:4 | Noticed Jory
 81722 | Vaults:4 | Killed Jory
 81723 | Vaults:4 | Reached skill level 5 in Alchemy
 81859 | Vaults:4 | Found a magical portal.
 81868 | WizLab   | Entered Wucad Mu's Monastery
 81874 | WizLab   | Found the crystal ball of Wucad Mu {*channel}
 81914 | WizLab   | Reached XP level 23. HP: 172/172 MP: 25/41
 82190 | Vaults:4 | Identified the +3 dagger "Toqoigue" {drain, rC+ Dex+4}
 82424 | Vaults:4 | Received a gift from Nemelex Xobeh
 82906 | Vaults:4 | Reached skill level 5 in Earth Magic
 83274 | Vaults:4 | Noticed Margery
 83927 | Vaults:4 | Killed Margery
 84440 | Vaults:4 | Noticed Zenata
 85037 | Vaults:4 | Killed Zenata
 85338 | Vaults:4 | Reached XP level 24. HP: 178/178 MP: 27/41
 85530 | Depths:1 | Entered Level 1 of the Depths
 85950 | Depths:1 | Received a gift from Nemelex Xobeh
 86493 | Depths:1 | Found a gateway to Hell.
 86586 | Depths:1 | Acquired 1302 gold pieces
 86698 | Depths:1 | Received a gift from Nemelex Xobeh
 86811 | Depths:1 | Found a one-way gateway to a ziggurat.
 86815 | Depths:1 | Found a portal to a secret trove of treasure.
 87602 | Depths:1 | Found a one-way gate leading to the halls of Pandemonium.
 88558 | Depths:2 | Noticed a royal mummy
 88575 | Depths:2 | Killed a royal mummy
 88629 | Depths:2 | Noticed a royal mummy
 88637 | Depths:2 | Killed a royal mummy
 88817 | Depths:2 | Noticed a royal mummy
 88831 | Depths:2 | Killed a royal mummy
 88933 | Depths:2 | Found the +7 sceptre of Torment {pain, torment}
 89862 | Depths:2 | Gained mutation: Your magical capacity is low. (-10% MP) [a
                  | cacodemon]
 90103 | Depths:2 | Lost mutation: Your magical capacity is low. (-10% MP)
                  | [potion of mutation]
 90103 | Depths:2 | Gained mutation: Your magical capacity is low. (-10% MP)
                  | [potion of mutation]
 90103 | Depths:2 | Gained mutation: You are covered in fur. (AC +1) [potion of
                  | mutation]
 90103 | Depths:2 | Gained mutation: Your muscles are strong. (Str +4, Int/Dex
                  | -1) [potion of mutation]
 90104 | Depths:2 | Lost mutation: You are covered in fur. (AC +1) [potion of
                  | mutation]
 90104 | Depths:2 | Lost mutation: Your muscles are strong. (Str +4, Int/Dex
                  | -1) [potion of mutation]
 90104 | Depths:2 | Lost mutation: Your magical capacity is low. (-10% MP)
                  | [potion of mutation]
 90104 | Depths:2 | Gained mutation: Your system is resistant to poisons.
                  | (rPois) [potion of mutation]
 90104 | Depths:2 | Gained mutation: Your mind is acute. (Int +4, Str/Dex -1)
                  | [potion of mutation]
 90104 | Depths:2 | Gained mutation: You occasionally shout uncontrollably at
                  | your foes. [potion of mutation]
 90104 | Depths:2 | Gained mutation: You have sharp fingernails. [potion of
                  | mutation]
 90649 | Depths:2 | Identified the +2 quarterstaff of Massacring {venom, Dex+5}
 90691 | Depths:3 | Received a gift from Nemelex Xobeh
 90801 | Depths:3 | Identified the ring "Erra" {Ice Int+3 Dex+3}
 90801 | Depths:3 | Identified the death talisman "Wucala" {Fly Will+ Int+2
                  | Stlth+}
 90801 | Depths:3 | Noticed Josephina
 90804 | Depths:3 | Noticed Mennas
 91025 | Depths:3 | Found a white marble altar of Elyvilon.
 91104 | Depths:3 | Identified the +1 leather armour of Rotini {rElec Dex+5}
 91280 | Depths:3 | Killed Josephina
 91281 | Depths:3 | Reached skill level 10 in Translocations
 91385 | Depths:3 | Noticed Parghit
 91732 | Crypt:1  | Entered Level 1 of the Crypt
 91855 | Crypt:1  | Noticed Morbidden's ghost (adept TrFi)
 91862 | Crypt:1  | Found a transporter.
 92588 | D:11     | Bought a book of Touch for 330 gold pieces
 92593 | D:11     | Learned a level 4 spell: Dispel Undead
 92771 | Orc:2    | Killed cvdvbs's ghost
 92962 | D:9      | Killed Pixllover's ghost
 93306 | D:10     | Killed GordonOverkill's ghost
 93307 | D:10     | Reached XP level 25. HP: 177/184 MP: 33/41
 93423 | Lair:1   | Killed Ysulesaher's ghost
 94029 | Orc:1    | Killed timpakay's ghost
 95099 | Crypt:1  | Reached skill level 10 in Earth Magic
 95547 | Crypt:1  | Found a transporter.
 95799 | Crypt:1  | Learned a level 6 spell: Plasma Beam
 96035 | Crypt:2  | Reached skill level 1 in Air Magic
 97452 | Crypt:2  | Received a gift from Nemelex Xobeh
 97525 | Crypt:3  | Entered Level 3 of the Crypt
 97872 | Crypt:3  | Reached skill level 5 in Air Magic
 99463 | Crypt:3  | Found a staircase to the Tomb.
 99912 | Crypt:3  | Found a basalt altar of Yredelemnul.
 99919 | Crypt:3  | Found an ancient bone altar of Kikubaaqudgha.
100205 | Crypt:1  | Killed Morbidden's ghost
100274 | Crypt:1  | Found a one-way gate to the infinite horrors of the Abyss.
100665 | Depths:3 | Received a gift from Nemelex Xobeh
100671 | Depths:3 | Noticed a juggernaut
100673 | Depths:3 | Reached skill level 10 in Air Magic
100677 | Depths:3 | Killed a juggernaut
101163 | Depths:3 | Reached XP level 26. HP: 147/191 MP: 0/41
101720 | Depths:3 | Killed Parghit
102056 | Depths:3 | Found a glowing silver altar of Zin.
102903 | Depths:3 | Found a white marble altar of Elyvilon.
103066 | Depths:3 | Found a glowing silver altar of Zin.
103324 | Depths:4 | Entered Level 4 of the Depths
103808 | Depths:4 | Mennas changed into Mennas the apis
103808 | Depths:4 | Noticed Mennas
103811 | Depths:4 | Killed Mennas the apis
103938 | Depths:4 | Found a gate to the Realm of Zot.
103938 | Depths:4 | Received a gift from Nemelex Xobeh
105073 | Depths:4 | Received a gift from Nemelex Xobeh
105580 | Vaults:5 | Entered Level 5 of the Vaults
105896 | Vaults:5 | Noticed a dread lich
105904 | Vaults:5 | Killed a dread lich
106805 | Vaults:5 | Reached XP level 27. HP: 175/197 MP: 28/41
106943 | Vaults:5 | Identified the amulet of Xufoygis {rC- Regen+ Dex+4}
106963 | Vaults:5 | Noticed a dread lich
106976 | Vaults:5 | Killed a dread lich
107668 | Vaults:5 | Identified the +3 morningstar of Myzaiki {pain, rPois rC-
                  | Will- rCorr Dex+4}
107891 | Vaults:5 | Identified the amulet of Ru's Brutal Revenge {RegenMP rElec
                  | Will+ Str+3}
108319 | Vaults:5 | Got the Papyrus of the Panacea and Bodies
108334 | Vaults:5 | Received a gift from Nemelex Xobeh
108392 | Vaults:5 | Identified the +6 great mace "Kyilof" {flame, Will++}
108674 | Vaults:5 | Got a silver rune of Zot
108766 | Vaults:5 | Identified the +5 shortbow "Uceucont" {drain, rF++}
109245 | Hell     | Entered the Vestibule of Hell
109245 | Hell     | Noticed Geryon
109245 | Hell     | Received a gift from Nemelex Xobeh
109249 | Hell     | Killed Geryon
109450 | Depths:1 | You paid a toll of the horn of Geryon to enter a treasure
                  | trove
109451 | Trove    | Entered a treasure trove
109472 | Trove    | Identified the staff of the Wraith {*Slow rPois SInv Conj}
110289 | Orc:2    | Bought a potion of might for 56 gold pieces
110289 | Orc:2    | Bought a potion of enlightenment for 70 gold pieces
110289 | Orc:2    | Bought a potion of magic for 112 gold pieces
110289 | Orc:2    | Bought a potion of curing for 42 gold pieces
110441 | D:6      | Bought a potion of curing for 33 gold pieces
110441 | D:6      | Bought a potion of brilliance for 44 gold pieces
110441 | D:6      | Bought a potion of haste for 110 gold pieces
110441 | D:6      | Bought a potion of mutation for 88 gold pieces
110441 | D:6      | Bought a potion of haste for 110 gold pieces
110691 | Elf:3    | Bought a potion of ambrosia for 224 gold pieces
110735 | Elf:3    | Bought a wand of quicksilver (3) for 138 gold pieces
110773 | Elf:2    | Bought a wand of mindburst (30) for 630 gold pieces
110773 | Elf:2    | Bought a wand of iceblast (18) for 648 gold pieces
110773 | Elf:2    | Bought a wand of mindburst (30) for 630 gold pieces
110773 | Elf:2    | Bought a wand of paralysis (18) for 648 gold pieces
110863 | Orc:2    | Bought a scroll of fear for 48 gold pieces
110863 | Orc:2    | Bought a scroll of teleportation for 36 gold pieces
110863 | Orc:2    | Bought a scroll of fear for 48 gold pieces
110863 | Orc:2    | Bought a scroll of fear for 48 gold pieces
110863 | Orc:2    | Bought a scroll of fog for 48 gold pieces
110872 | Orc:2    | Learned a level 7 spell: Orb of Destruction
111129 | Zot:1    | Entered Level 1 of the Realm of Zot
111538 | Zot:1    | Reached skill level 1 in Staves
113019 | Zot:3    | Received a gift from Nemelex Xobeh
113577 | Zot:3    | Found a runed translucent gate.
113577 | Zot:3    | Found a runed translucent gate.
113578 | Zot:3    | Found a runed translucent gate.
113578 | Zot:3    | Identified the amulet "Telomoll" {Reflect rElec MP+9 SH+5}
113628 | Zot:3    | Received a gift from Nemelex Xobeh
114026 | Zot:3    | Noticed Anuegiwi's ghost (veteran AtFi)
114227 | Zot:5    | Entered Level 5 of the Realm of Zot
114300 | Zot:5    | Noticed an ancient lich
114300 | Zot:5    | Noticed an ancient lich
114423 | Zot:5    | Reached skill level 5 in Staves
114874 | Zot:5    | Noticed a dread lich
114954 | Zot:5    | Noticed an ancient lich
114955 | Zot:5    | Found a runed translucent gate.
114955 | Zot:5    | Found a runed translucent gate.
114955 | Zot:5    | Found a runed translucent gate.
114955 | Zot:5    | Found an ancient bone altar of Kikubaaqudgha.
114956 | Zot:5    | Noticed chuckiee3's ghost (veteran MiFi)
115257 | Zot:5    | Killed an ancient lich
115259 | Zot:5    | Killed an ancient lich
115260 | Zot:5    | Killed a dread lich
115265 | Zot:5    | Killed an ancient lich
115271 | Zot:5    | Killed chuckiee3's ghost
115280 | Zot:5    | Identified the ring "Kausucui" {Wiz +Blink rElec}
115284 | Zot:5    | Identified the +4 pair of boots "Buonobamutz" {*Corrode
                  | +Blink Regen+}
115471 | Zot:5    | Noticed an orb of fire
115477 | Zot:5    | Killed an orb of fire
115894 | Lair:3   | Learned a level 8 spell: Maxwell's Capacitive Coupling
116310 | Zot:5    | Noticed an orb of fire
116311 | Zot:5    | Gained mutation: You are occasionally teleported next to
                  | monsters. [an orb of fire]
116312 | Zot:5    | Gained mutation: You frequently scream uncontrollably at
                  | your foes. [an orb of fire]
116314 | Zot:5    | Killed an orb of fire
116319 | Zot:5    | Lost mutation: You frequently scream uncontrollably at your
                  | foes. [potion of mutation]
116319 | Zot:5    | Lost mutation: Your system is resistant to poisons. (rPois)
                  | [potion of mutation]
116319 | Zot:5    | Gained mutation: You are agile. (Dex +4, Str/Int -1)
                  | [potion of mutation]
116319 | Zot:5    | Lost mutation: You occasionally shout uncontrollably at
                  | your foes. [potion of mutation]
116320 | Zot:5    | Lost mutation: Your mind is acute. (Int +4, Str/Dex -1)
                  | [potion of mutation]
116320 | Zot:5    | Lost mutation: You have sharp fingernails. [potion of
                  | mutation]
116320 | Zot:5    | Lost mutation: You are agile. (Dex +4, Str/Int -1) [potion
                  | of mutation]
116320 | Zot:5    | Lost mutation: You are occasionally teleported next to
                  | monsters. [potion of mutation]
116422 | Zot:5    | Noticed an orb of fire
116427 | Zot:5    | Killed an orb of fire
116880 | Zot:5    | Noticed an orb of fire
116907 | Zot:5    | Reached skill level 10 in Alchemy
117234 | Zot:5    | Noticed an orb of fire
117239 | Zot:5    | Killed an orb of fire
117857 | Zot:5    | Received a gift from Nemelex Xobeh
118295 | Zot:5    | Gained mutation: Your spells are a little easier to cast,
                  | but a little less powerful. [an orb of fire]
118298 | Zot:5    | Killed an orb of fire
118660 | Zot:5    | Lost mutation: Your spells are a little easier to cast, but
                  | a little less powerful. [potion of mutation]
118660 | Zot:5    | Gained mutation: You are weak. (Str -2) [potion of
                  | mutation]
118660 | Zot:5    | Gained mutation: You are partially covered in iridescent
                  | scales. (AC +2) [potion of mutation]
118661 | Zot:5    | Lost mutation: You are partially covered in iridescent
                  | scales. (AC +2) [potion of mutation]
118661 | Zot:5    | Lost mutation: You are weak. (Str -2) [potion of mutation]
118661 | Zot:5    | Gained mutation: You are frail. (-10% HP) [potion of
                  | mutation]
118661 | Zot:5    | Gained mutation: You occasionally shout uncontrollably at
                  | your foes. [potion of mutation]
118661 | Zot:5    | Gained mutation: Your mind is acute. (Int +4, Str/Dex -1)
                  | [potion of mutation]
118662 | Zot:5    | Lost mutation: Your mind is acute. (Int +4, Str/Dex -1)
                  | [potion of mutation]
118662 | Zot:5    | Lost mutation: You are frail. (-10% HP) [potion of
                  | mutation]
118662 | Zot:5    | Gained mutation: Your magical capacity is low. (-10% MP)
                  | [potion of mutation]
118663 | Zot:5    | Lost mutation: You occasionally shout uncontrollably at
                  | your foes. [potion of mutation]
118663 | Zot:5    | Lost mutation: Your magical capacity is low. (-10% MP)
                  | [potion of mutation]
118663 | Zot:5    | Gained mutation: Your health recovers twice as slowly from
                  | being drained. [potion of mutation]
118663 | Zot:5    | Gained mutation: You are weak. (Str -2) [potion of
                  | mutation]
118664 | Zot:5    | Lost mutation: Your health recovers twice as slowly from
                  | being drained. [potion of mutation]
118664 | Zot:5    | Lost mutation: You are weak. (Str -2) [potion of mutation]
118664 | Zot:5    | Gained mutation: Your magical capacity is low. (-10% MP)
                  | [potion of mutation]
118664 | Zot:5    | Gained mutation: Your flesh is heat resistant. (rF+)
                  | [potion of mutation]
118665 | Zot:5    | Lost mutation: Your flesh is heat resistant. (rF+) [potion
                  | of mutation]
118665 | Zot:5    | Lost mutation: Your magical capacity is low. (-10% MP)
                  | [potion of mutation]
118665 | Zot:5    | Gained mutation: Potions are less effective at restoring
                  | your health. [potion of mutation]
118665 | Zot:5    | Gained mutation: You have sharp fingernails. [potion of
                  | mutation]
118665 | Zot:5    | Gained mutation: Your body sometimes deteriorates upon
                  | taking damage. [potion of mutation]
118665 | Zot:5    | Gained mutation: You are partially covered in iridescent
                  | scales. (AC +2) [potion of mutation]
118666 | Zot:5    | Lost mutation: Your body sometimes deteriorates upon taking
                  | damage. [potion of mutation]
118666 | Zot:5    | Lost mutation: You have sharp fingernails. [potion of
                  | mutation]
118666 | Zot:5    | Gained mutation: You expend magic power (3 MP) to
                  | strengthen your wands. [potion of mutation]
118666 | Zot:5    | Gained mutation: You are strong-willed. (Will+) [potion of
                  | mutation]
118705 | Zot:5    | Lost mutation: You are strong-willed. (Will+) [potion of
                  | mutation]
118705 | Zot:5    | Lost mutation: You are partially covered in iridescent
                  | scales. (AC +2) [potion of mutation]
118705 | Zot:5    | Lost mutation: Potions are less effective at restoring your
                  | health. [potion of mutation]
118705 | Zot:5    | Gained mutation: You are dopey. (Int -2) [potion of
                  | mutation]
118705 | Zot:5    | Gained mutation: You have sharp fingernails. [potion of
                  | mutation]
118705 | Zot:5    | Gained mutation: Your movements are slightly less
                  | encumbered by armour. (ER -2) [potion of mutation]
118811 | Zot:5    | Got the Orb of Zot
118928 | Zot:1    | Noticed Imonuynu the pandemonium lord
119109 | D:13     | Noticed Kon Sa Eto the pandemonium lord
119379 | D:5      | Reached skill level 10 in Evocations
119448 | D:2      | Noticed a seraph
119460 | D:$      | Escaped with the Orb!

Illustrated notes

Levels and vault maps discovered:
D:1:      minmay_arrival_four_circles, layout_basic
D:2:      layout_basic, basic_altar
D:3:      layout_loops_ring, nicolae_sif_muna_little_library, bloody_trog,
          shapermc_ecumenical_altar_starsandcircs, uniq_natasha
D:4:      layout_basic, mainiacjoe_overflow_small_starburst,
          gup_sewer_entry_spiral, nicolae_shop_vocational
D:5:      layout_cave_pods, mainiacjoe_overflow_alcove_2
D:6:      layout_loops_ring, serial_shops, shop_fountains, kennysheep_little_box
D:7:      layout_basic, fedhas_altar_fruit_tree, temple_green, enter_bailey_5
D:8:      layout_basic, nicolae_hepliaklqana_ecumenical_no_more
D:9:      layout_roguey, nicolae_overflow_hallway_of_the_gods,
          nzn_ghost_randoct, grunt_ministairs_9, chequers_arboretum
D:10:     minmay_goldmine, layout_rooms, david_lair_shrubbed, orc_0_dummy,
          ebering_ghost_rock_garden
D:11:     layout_loops_ring, nicolae_inconvenience_store, minmay_holes
D:12:     layout_basic, uniq_psyche
D:13:     layout_loops_ring, serial_shops, nicolae_shop_tiny_glass,
          serial_demonic, serial_demonic_f, serial_demonic_f, serial_demonic_a,
          serial_demonic_d, serial_demonic_d
D:14:     layout_gridville, hellmonk_vaults_keyhole, grunt_decor_one_mirror,
          gauntlet_entry_generic
D:15:     grunt_enter_depths_giant_problem, layout_irregular_city, serial_shops,
          bzr_entry_dummy, nicolae_diamond_shop, shop, nicolae_shop_crystal,
          nicolae_shop_window_shopping, minmay_hedge_maze
Temple:   hellmonk_temple_forest_ring
Lair:1:   layout_cellular_growth, ebering_ghost_disaster_area,
          amcnicky_mini_pool_medium
Lair:2:   layout_loops_ring, minmay_shoals_entry_centaurs,
          infiniplex_staircase_pool_2
Lair:3:   layout_regular_city, minmay_snake_entry_guardpost_medium,
          nicolae_volcano_entry_s_turn, grunt_megastairs_1, lemuel_fruit_fields,
          infiniplex_staircase_pool
Lair:4:   layout_roguey, nicolae_slime_entry_field_trip, lemuel_fruit_tree
Lair:5:   hangedman_lair_tendril_chambers, layout_regular_city
Shoals:1: layout_shoals, nicolae_shoals_land_atoll
Shoals:2: layout_shoals, uniq_ilsuiw
Shoals:3: layout_shoals, nicolae_shoals_beach_cooler
Shoals:4: shoals_end_grunt_garden, layout_shoals
Snake:1:  layout_basic, grunt_megastairs_3, uniq_donald
Snake:2:  layout_basic, serial_shops, nicolae_shop_bloodbath_and_beyond,
          nicolae_large_snake_swirl, minmay_shop_star, uniq_aizul
Snake:3:  layout_gridlike, minmay_shop_grid_forest
Snake:4:  snake_pit_salamanders_mu, layout_chambers,
          portal_ice_cave_entry_frozen_things, basic_altar,
          nicolae_snake_the_dead_are_slithering
Orc:1:    layout_diamond_mine, gammafunk_ghost_wrathful_warriors
Orc:2:    st_orc_rangers, layout_caves, gammafunk_ghost_necromancy, uniq_jorgrun
Elf:1:    eino_elf_arrival_sip, layout_gridlike, serial_shops, bzr_in_the_mist,
          minmay_elf_annihilation, nicolae_elf_deep_friendship, uniq_norris
Elf:2:    elven_hall_of_blades_hangedman_alternative
          [nicolae_blade_entry_floor_patterns], layout_loops_corners,
          serial_shops, shop, nicolae_shop_overcharged_wands, uniq_roxanne,
          uniq_nikola
Elf:3:    elf_hall, layout_loops_ring, serial_shops,
          nicolae_shop_rolling_square, shop, shop_statue,
          nicolae_shop_tiny_waterfront, shop, st_stairs_9, grunt_megastairs_5
Vaults:1: minmay_orc_keep, ontoclasm_vaults_ring_square,
          nicolae_vaults_little_squares_1, vaults_dpeg_ring,
          ontoclasm_vaults_claustrophobia, st_octagons_2, v_misc_25,
          nicolae_vaults_apartment_2, nicolae_vaults_trapezoid_4,
          nicolae_vaults_big_angled_halls, nicolae_vaults_trapezoid_lopsided_1,
          grunt_vaults_hallway_long, nicolae_vaults_sesquioval_fish,
          layout_vaults_maze_snakey
Vaults:2: hangedman_vaults_nodes, hangedman_vaults_variations,
          minmay_crypt_entry_vampire_xt, ontoclasm_vaults_ring_large,
          nicolae_vaults_offset_grid_hallway_3, nicolae_vaults_six-pack,
          nicolae_vaults_network_periphery, layout_vaults_big_room
Vaults:3: v_pattern_5, nicolae_vaults_apartment_1,
          nicolae_vaults_windows_and_doors_thing, nicolae_vaults_cochlea,
          nicolae_vaults_storage_closets_2, v_alt_pattern_6, v_misc_30,
          nicolae_vaults_six-pack, nicolae_vaults_back_hallway,
          nicolae_vaults_mush_room, v_misc_23, layout_vaults_ring
Vaults:4: mu_enter_wizlab_6, dpeg_vaults_monster_box,
          nicolae_vaults_security_offices_2, nicolae_vaults_house_2,
          vaults_room_semicircle, v_misc_27, layout_vaults_omnigrid,
          uniq_zenata, uniq_margery, uniq_jory
Vaults:5: serial_shops
Crypt:1:  layout_rooms, gammafunk_ghost_abyssal_escape,
          grunt_crypt_arrival_split
Crypt:2:  layout_basic, grunt_megastairs_4
Crypt:3:  lightli_unholy_cathedral, layout_chaotic_city,
          tomb_entry_sphere_bobbens
Depths:1: layout_cave_shapes, enter_ziggurat_f, nicolae_trove_entry_crossroad,
          rand_demon_pan_entry_7, hell_entry, minmay_misc_feat_x,
          nrook_loot_triangle, kennysheep_generic_room_7, grunt_megastairs_2
Depths:2: minmay_guarded_unrand_sceptre_of_torment, layout_gridlike,
          corexii_hall_statues_l, grunt_pan_entry_in_and_out, grunt_metal_band,
          firewood_loft
Depths:3: evilmike_diamond_1, layout_cave_pools, abyss_entry, elyvilon_altar_1,
          grunt_hell_entry_dis_grunt, zin_academy, uniq_josephina, uniq_mennas,
          uniq_parghit
Depths:4: grunt_zot_entry_tricorne, layout_honeycomb, hell_entry,
          abyss_entry_glasseish, minmay_misc_feat_cross, nicolae_two_hexagons
Hell
Zot:1:    layout_onion_interference, uniq_tiamat
Zot:2:    gammafunk_mikee_crab_dinner, layout_misc_corridors
Zot:3:    layout_twisted_circle, gammafunk_ghost_tricky_traps
Zot:4:    nicolae_zot_draconian_monastery, layout_gridville,
          gammafunk_ghost_berserking_beasts, grunt_ministairs_7
Zot:5:    layout_basic, gammafunk_ghost_crypt

Skill      XL: |  1  2  3  4  5  6  7  8  9 10 11 12 13 14 15 16 17 18 19 20 21 22 23 24 25 26 27 |
---------------+----------------------------------------------------------------------------------+-----
Stealth        | 1 2 3 |  3.8
Armour         | 1 2 4 5 |  5.4
Conjurations   | 3 6 9 11 13 14 | 14.8
Polearms       | 5 6 7 9 10 12 13 | 13.0
Invocations    | 1 3 4 6 7 8 10 12 14 | 14.9
Fighting       | 3 4 5 6 7 8 9 11 12 14 | 14.0
Dodging        | 3 4 5 7 |  7.9
Summonings     | 4 5 6 |  6.3
Spellcasting   | 3 5 7 9 11 14 | 14.9
Evocations     | 3 5 10 | 10.0
Shields        | 2 5 7 |  7.5
Hexes          | 2 7 |  7.0
Fire Magic     | 1 4 7 9 11 12 13 14 | 14.6
Ice Magic      | 7 11 14 | 14.9
Earth Magic    | 3 4 5 9 10 | 10.0
Translocations | 2 4 6 7 10 11 13 14 | 14.9
Necromancy     | 4 5 6 7 8 |  8.7
Alchemy        | 5 7 10 | 10.6
Air Magic      | 10 14 | 14.9
Staves         | 7 |  7.6

Action                     |  1- 3 |  4- 6 |  7- 9 | 10-12 | 13-15 | 16-18 | 19-21 | 22-24 | 25-27 || total
---------------------------+-------+-------+-------+-------+-------+-------+-------+-------+-------++-------
  Melee: Spear             |    95 |   200 |   279 |       |       |       |       |       |       ||   574
         Punch             |     2 |     2 |     5 |       |       |       |       |       |       ||     9
         Unarmed           |       |    12 |       |       |       |       |       |       |       ||    12
         Tailslap          |       |       |     1 |       |       |       |       |       |       ||     1
         Trident           |       |       |   210 |   551 |   707 |    21 |       |       |       ||  1489
         Dagger            |       |       |       |     3 |       |       |       |       |       ||     3
         Staff             |       |       |       |       |       |    13 |    41 |     3 |     2 ||    59
  Throw: Dart              |       |     2 |       |       |       |     4 |     3 |     2 |     1 ||    12
         Throwing net      |       |       |       |       |       |     1 |     3 |     2 |     2 ||     8
   Cast: Magic Dart        |    64 |   114 |    92 |    72 |    56 |       |       |       |       ||   398
         Call Imp          |       |       |    36 |    47 |     8 |       |       |       |       ||    91
         Kiss of Death     |       |       |     2 |       |       |       |       |       |       ||     2
         Inner Flame       |       |       |       |    13 |     2 |       |       |       |       ||    15
         Summon Ice Beast  |       |       |       |    17 |    90 |     1 |       |       |       ||   108
         Ozocubu's Refrige |       |       |       |       |    36 |   422 |   491 |   331 |   167 ||  1447
         Stone Arrow       |       |       |       |       |       |    25 |    74 |     3 |       ||   102
         Iskenderun's Myst |       |       |       |       |       |     6 |     5 |    37 |    13 ||    61
         Fireball          |       |       |       |       |       |   112 |   139 |   185 |    83 ||   519
         Lee's Rapid Decon |       |       |       |       |       |       |     1 |    26 |    11 ||    38
         Sublimation of Bl |       |       |       |       |       |       |    20 |   187 |   373 ||   580
         Irradiate         |       |       |       |       |       |       |       |    54 |    55 ||   109
         Apportation       |       |       |       |       |       |       |       |     1 |    13 ||    14
         Passwall          |       |       |       |       |       |       |       |     1 |     3 ||     4
         Dispel Undead     |       |       |       |       |       |       |       |     6 |    30 ||    36
         Blink             |       |       |       |       |       |       |       |     2 |       ||     2
         Plasma Beam       |       |       |       |       |       |       |       |       |   620 ||   620
         Orb of Destructio |       |       |       |       |       |       |       |       |    15 ||    15
         Maxwell's Capacit |       |       |       |       |       |       |       |       |    10 ||    10
 Invoke: Draw Destruction  |       |       |     4 |    22 |    26 |    33 |    58 |    22 |     3 ||   168
         Draw Escape       |       |       |     1 |       |       |     2 |     5 |     3 |     2 ||    13
         Draw Summoning    |       |       |       |     3 |     7 |     1 |    13 |    10 |     5 ||    39
         Draw Stack        |       |       |       |       |     4 |     4 |     1 |     1 |       ||    10
         Stack Five        |       |       |       |       |     1 |     1 |       |       |     1 ||     3
         Deal Four         |       |       |       |       |       |     5 |     1 |     1 |     5 ||    12
         Triple Draw       |       |       |       |       |       |       |     1 |       |     4 ||     5
Ability: Evoke Blink       |       |       |       |       |       |       |       |       |     3 ||     3
  Evoke: Wand              |       |       |     7 |     4 |       |    41 |    31 |     7 |    14 ||   104
         Lightning rod     |       |       |       |       |       |    16 |    19 |    10 |    13 ||    58
         Tin of tremorston |       |       |       |       |       |       |     3 |     1 |     5 ||     9
         Phantom mirror    |       |       |       |       |       |       |       |     1 |     1 ||     2
         Phial of floods   |       |       |       |       |       |       |       |       |     2 ||     2
    Use: Scroll            |       |     6 |     8 |     8 |    10 |    20 |     7 |    13 |    22 ||    94
         Potion            |       |       |       |     3 |     1 |     1 |     3 |     8 |    31 ||    47
   Stab: Sleeping          |       |     9 |     4 |       |       |       |       |       |       ||    13
         Distracted        |       |       |     3 |     6 |     6 |     1 |       |       |       ||    16
         Paralysed         |       |       |     8 |    14 |       |     2 |    13 |       |       ||    37
         Petrified         |       |       |       |       |     1 |     3 |       |       |       ||     4
         Held in net/web   |       |       |       |       |       |       |     4 |       |       ||     4
 Armour: Leather armour    |    32 |    60 |   106 |       |       |       |       |       |       ||   198
         Skin              |       |     5 |       |       |       |       |       |       |       ||     5
         Robe              |       |       |    65 |   247 |   357 |   134 |   190 |   157 |   205 ||  1355
  Dodge: Dodged            |    49 |    88 |   251 |   200 |   302 |   103 |   145 |   170 |   175 ||  1483
  Block: Buckler           |       |       |    15 |    97 |   146 |    71 |   149 |    93 |    79 ||   650
         Reflection        |       |       |       |       |       |    11 |    30 |       |       ||    41

Table legend: (Time is in decaauts)
 A = Elapsed time spent in this place.
 B = Non-inter-level travel time spent in this place.
 C = Inter-level travel time spent in this place.
 D = Time resting spent in this place.
 E = Time spent auto-exploring this place.
 F = Levels seen in this place.
 G = Mean time per level.
                   A        B        C        D        E       F      G
               +--------+--------+--------+--------+--------+-----+--------+
         Total | 118023 | 107969 |  10054 |  13054 |  77816 |  61 | 1934.8 |
       Dungeon |  25666 |  21513 |   4153 |    975 |  16582 |  15 | 1711.1 |
        Temple |      1 |      1 |      0 |      0 |      0 |   1 |    1.0 |
          Lair |   9697 |   8843 |    854 |    211 |   7082 |   5 | 1939.4 |
        Shoals |   9499 |   9312 |    187 |    178 |   8179 |   4 | 2374.8 |
     Snake Pit |  10592 |   9945 |    647 |    882 |   8130 |   4 | 2648.0 |
  Orcish Mines |   2847 |   2265 |    582 |     63 |   1518 |   2 | 1423.5 |
   Elven Halls |  10247 |   9667 |    580 |   1293 |   7219 |   3 | 3415.7 |
        Vaults |  20487 |  19100 |   1387 |   2187 |  13648 |   5 | 4097.4 |
         Crypt |   5581 |   5202 |    379 |   1174 |   3238 |   3 | 1860.3 |
        Depths |  11310 |  10374 |    936 |   1150 |   7852 |   4 | 2827.5 |
          Hell |     12 |     12 |      0 |      0 |      0 |   1 |   12.0 |
           Zot |   7245 |   6899 |    346 |   3529 |   2129 |   5 | 1449.0 |
        Bazaar |    399 |    399 |      0 |      0 |    287 |   2 |  199.5 |
         Trove |     60 |     60 |      0 |      0 |     12 |   1 |   60.0 |
         Sewer |    803 |    803 |      0 |     47 |    513 |   1 |  803.0 |
        Bailey |    356 |    356 |      0 |      0 |    226 |   1 |  356.0 |
      Ice Cave |   1898 |   1898 |      0 |   1330 |    253 |   1 | 1898.0 |
       Volcano |    303 |    303 |      0 |     34 |    167 |   1 |  303.0 |
        Wizlab |    253 |    253 |      0 |      0 |    196 |   1 |  253.0 |
      Gauntlet |    757 |    757 |      0 |      0 |    581 |   1 |  757.0 |
               +--------+--------+--------+--------+--------+-----+--------+

Top non-repeatable levels by time:
Vaults:2: 5220 daAuts
Shoals:3: 4853 daAuts
Vaults:1: 4817 daAuts
 Snake:4: 4695 daAuts
   Elf:2: 4375 daAuts
   Zot:5: 3837 daAuts
Depths:2: 3746 daAuts
   Elf:3: 3716 daAuts
Vaults:4: 3594 daAuts
Vaults:3: 3440 daAuts
Vaults:5: 3414 daAuts
Depths:3: 3273 daAuts
  Lair:5: 3099 daAuts
    D:13: 2942 daAuts
 Crypt:3: 2508 daAuts
